TOP OF THE 1ST |
Reno Aces batting - Pitching for Albuquerque Isotopes : LHP Nate Tate
|
Pitching: LHP Nate Tate
|
|
Batting: RHB Joe Smack
|
0-0: Ball 1-0: Called Strike 1-1: Called Strike 1-2: Strikes out swinging
|
Batting: LHB Steve Reinhart
|
0-0: Ball 1-0: Foul Ball, location: 2F 1-1: Ball 2-1: Foul Ball, location: 2F 2-2: Foul Ball, location: 2F 2-2: Strikes out swinging
|
Batting: SHB Salvador Aragon
|
0-0: Ground out 4-3 (Groundball, 4, EV 90.6 MPH)
|
Top of the 1st over - 0 runs, 0 hits, 0 errors, 0 left on base; Reno 0 - Albuquerque 0 |
BOTTOM OF THE 1ST |
Albuquerque Isotopes batting - Pitching for Reno Aces : RHP Roberto Preciado
|
Pitching: RHP Roberto Preciado
|
|
Batting: RHB Jason Gee
|
0-0: Called Strike 0-1: Foul Ball, location: 2F 0-2: Foul Ball, location: 2F 0-2: Ball 1-2: Ground out 6-3 (Groundball, 6, EV 77.5 MPH)
|
Batting: LHB Alan Bianchard
|
0-0: Called Strike 0-1: Ball 1-1: Called Strike 1-2: Strikes out swinging
|
Batting: RHB Ron Johansen
|
0-0: Swinging Strike 0-1: Called Strike 0-2: Ball 1-2: Ground out 6-3 (Groundball, 6, EV 103.8 MPH)
|
Bottom of the 1st over - 0 runs, 0 hits, 0 errors, 0 left on base; Reno 0 - Albuquerque 0 |
TOP OF THE 2ND |
Reno Aces batting - Pitching for Albuquerque Isotopes : LHP Nate Tate
|
Batting: RHB Scott Travis
|
0-0: Called Strike 0-1: Swinging Strike 0-2: Ball 1-2: Strikes out swinging
|
Batting: RHB Alex Vasquez
|
0-0: Ball 1-0: Called Strike 1-1: Ball 2-1: Ball 3-1: Ground out 6-3 (Groundball, 6, EV 91.9 MPH)
|
Batting: LHB Jeff Densmore
|
0-0: Ball 1-0: Swinging Strike 1-1: Called Strike 1-2: Strikes out looking
|
Top of the 2nd over - 0 runs, 0 hits, 0 errors, 0 left on base; Reno 0 - Albuquerque 0 |
BOTTOM OF THE 2ND |
Albuquerque Isotopes batting - Pitching for Reno Aces : RHP Roberto Preciado
|
Batting: LHB Katsunan Akimoto
|
0-0: Ball 1-0: Ball 2-0: Ball 3-0: Base on Balls
|
Batting: LHB Tetsuya Oba
|
0-0: Ball 1-0: Called Strike 1-1: Ball 2-1: Foul Ball, location: 2F 2-2: Ball 3-2: Strikes out swinging
|
Batting: RHB Mike Ball
|
0-0: Ball 1-0: Ball 2-0: SINGLE (Line Drive, 34, EV 108.1 MPH) Katsunan Akimoto to second
|
Batting: RHB Carlos Salazar
|
0-0: Called Strike 0-1: Ball 1-1: Ball 2-1: Ball 3-1: Foul Ball, location: 2F 3-2: Base on Balls Katsunan Akimoto to third Mike Ball to second
|
Batting: RHB Ryan Taylor
|
0-0: Ball 1-0: Foul Ball, location: 2F 1-1: Swinging Strike 1-2: Ball 2-2: Foul Ball, location: 2F 2-2: Ball 3-2: Fielders Choice at 3rd, U5 (Groundball, 5L, EV 82.5 MPH) Katsunan Akimoto scores Carlos Salazar to second
|
Batting: RHB Bobby Heagle
|
0-0: Called Strike 0-1: Ball 1-1: Ground out 4-3 (Groundball, 4, EV 100.0 MPH)
|
Bottom of the 2nd over - 1 run, 1 hit, 0 errors, 2 left on base; Reno 0 - Albuquerque 1 |
TOP OF THE 3RD |
Reno Aces batting - Pitching for Albuquerque Isotopes : LHP Nate Tate
|
Batting: RHB Juan Espinoza
|
0-0: Swinging Strike 0-1: Called Strike 0-2: Ball 1-2: Ground out 6-3 (Groundball, 6, EV 82.5 MPH)
|
Batting: SHB Troy Maynard
|
0-0: Called Strike 0-1: Called Strike 0-2: Strikes out looking
|
Batting: RHB Tai Joo
|
0-0: Ball 1-0: Fly out, F4 (Line Drive, 4, EV 68.8 MPH)
|
Top of the 3rd over - 0 runs, 0 hits, 0 errors, 0 left on base; Reno 0 - Albuquerque 1 |
BOTTOM OF THE 3RD |
Albuquerque Isotopes batting - Pitching for Reno Aces : RHP Roberto Preciado
|
Batting: RHB Jason Gee
|
0-0: Swinging Strike 0-1: Ground out 4-3 (Groundball, 4, EV 80.6 MPH)
|
Batting: LHB Alan Bianchard
|
0-0: Called Strike 0-1: Foul Ball, location: 2F 0-2: Foul Ball, location: 2F 0-2: SOLO HOME RUN (Flyball, 9D, EV 108.8 MPH), Distance : 434 ft
|
Batting: RHB Ron Johansen
|
0-0: Ball 1-0: Called Strike 1-1: Foul Ball, location: 2F 1-2: Foul Ball, location: 2F 1-2: Ball 2-2: Ball 3-2: Foul Ball, location: 2F 3-2: Base on Balls
|
Batting: LHB Katsunan Akimoto
|
0-0: Ball 1-0: Ball 2-0: Swinging Strike 2-1: Ball Ron Johansen steals 2nd base 3-1: Ground out 1-3 (Groundball, 13S, EV 63.1 MPH) Ron Johansen to third
|
Batting: LHB Tetsuya Oba
|
0-0: Ball 1-0: Ball 2-0: Ball 3-0: Called Strike 3-1: Fly out, F5 (Popup, 5SF, EV 88.1 MPH)
|
Bottom of the 3rd over - 1 run, 1 hit, 0 errors, 1 left on base; Reno 0 - Albuquerque 2 |
TOP OF THE 4TH |
Reno Aces batting - Pitching for Albuquerque Isotopes : LHP Nate Tate
|
Batting: RHB Joe Smack
|
0-0: Ball 1-0: Called Strike 1-1: Foul Ball, location: 2F 1-2: Foul Ball, location: 2F 1-2: Foul Ball, location: 2F 1-2: Ball 2-2: Foul Ball, location: 2F 2-2: Foul Ball, location: 2F 2-2: Ground out 5-3 (Groundball, 56S, EV 80.0 MPH)
|
Batting: LHB Steve Reinhart
|
0-0: Ball 1-0: Called Strike 1-1: Ball 2-1: Ball 3-1: Base on Balls
|
Batting: SHB Salvador Aragon
|
0-0: Ball Steve Reinhart is caught stealing 2nd base 2-4 1-0: Called Strike 1-1: Ground out 4-3 (Groundball, 4, EV 84.4 MPH)
|
Top of the 4th over - 0 runs, 0 hits, 0 errors, 0 left on base; Reno 0 - Albuquerque 2 |
BOTTOM OF THE 4TH |
Albuquerque Isotopes batting - Pitching for Reno Aces : RHP Roberto Preciado
|
Batting: RHB Mike Ball
|
0-0: Ball 1-0: SINGLE (Groundball, 56S, EV 65.6 MPH) (infield hit)
|
Batting: RHB Carlos Salazar
|
0-0: Ball 1-0: Ball Mike Ball steals 2nd base 2-0: Ball 3-0: Base on Balls
|
Batting: RHB Ryan Taylor
|
0-0: SINGLE (Groundball, 6MD, EV 98.1 MPH) Mike Ball to third Carlos Salazar to second
|
Batting: RHB Bobby Heagle
|
0-0: Called Strike 0-1: Foul Ball, location: 2F 0-2: Ball 1-2: SINGLE (Line Drive, 89M, EV 103.8 MPH) Mike Ball scores Carlos Salazar to third Ryan Taylor to second
|
Batting: RHB Jason Gee
|
0-0: Grounds into double play, 6-4-3 (Groundball, 56, EV 105.0 MPH) Carlos Salazar scores Ryan Taylor to third
|
Batting: LHB Alan Bianchard
|
0-0: Ground out U3 (Groundball, 3L, EV 83.1 MPH)
|
Bottom of the 4th over - 2 runs, 3 hits, 0 errors, 1 left on base; Reno 0 - Albuquerque 4 |
TOP OF THE 5TH |
Reno Aces batting - Pitching for Albuquerque Isotopes : LHP Nate Tate
|
Batting: RHB Scott Travis
|
0-0: Called Strike 0-1: Ball 1-1: Foul Ball, location: 2F 1-2: Ball 2-2: Ground out 5-3 (Groundball, 56S, EV 86.9 MPH)
|
Batting: RHB Alex Vasquez
|
0-0: Ball 1-0: Foul Ball, location: 2F 1-1: Fly out, F7 (Flyball, 7LM, EV 85.6 MPH)
|
Batting: LHB Jeff Densmore
|
0-0: Ground out 3-1 (Groundball, 34, EV 77.5 MPH)
|
Top of the 5th over - 0 runs, 0 hits, 0 errors, 0 left on base; Reno 0 - Albuquerque 4 |
BOTTOM OF THE 5TH |
Albuquerque Isotopes batting - Pitching for Reno Aces : RHP Roberto Preciado
|
Batting: RHB Ron Johansen
|
0-0: Ball 1-0: Called Strike 1-1: Swinging Strike 1-2: Ball 2-2: Strikes out swinging
|
Batting: LHB Katsunan Akimoto
|
0-0: Ball 1-0: Called Strike 1-1: Called Strike 1-2: Ball 2-2: Fly out, F3 (Flyball, 3D, EV 80.0 MPH)
|
Batting: LHB Tetsuya Oba
|
0-0: SOLO HOME RUN (Flyball, 9LD, EV 99.4 MPH), Distance : 356 ft
|
Pitching: RHP Tyler Deloatch
|
|
Batting: RHB Mike Ball
|
0-0: Ball 1-0: Foul Ball, location: 2F 1-1: DOUBLE (Line Drive, 9LS, EV 93.8 MPH)
|
Batting: RHB Carlos Salazar
|
0-0: Ball 1-0: Ball 2-0: Ball 3-0: Called Strike 3-1: Swinging Strike 3-2: DOUBLE (Line Drive, 9LM, EV 96.2 MPH) Mike Ball scores
|
Batting: RHB Ryan Taylor
|
0-0: Ball 1-0: Ball 2-0: SINGLE (Groundball, 6, EV 94.4 MPH) Carlos Salazar to third
|
Batting: RHB Bobby Heagle
|
0-0: Called Strike 0-1: Ball 1-1: Ball 2-1: DOUBLE (Flyball, 8LXD, EV 111.2 MPH) Carlos Salazar scores Ryan Taylor to third
|
Batting: RHB Jason Gee
|
0-0: Swinging Strike 0-1: Ball 1-1: Ball 2-1: Ball 3-1: Foul Ball, location: 2F 3-2: Base on Balls
|
Batting: LHB Alan Bianchard
|
0-0: Called Strike 0-1: Ball 1-1: Ground out U3 (Groundball, 34S, EV 79.4 MPH)
|
Bottom of the 5th over - 3 runs, 5 hits, 0 errors, 3 left on base; Reno 0 - Albuquerque 7 |
TOP OF THE 6TH |
Reno Aces batting - Pitching for Albuquerque Isotopes : LHP Nate Tate
|
Batting: RHB Juan Espinoza
|
0-0: Ball 1-0: Called Strike 1-1: Ball 2-1: Called Strike 2-2: Fly out, F3 (Popup, 3SF, EV 81.2 MPH)
|
Batting: SHB Troy Maynard
|
0-0: Swinging Strike 0-1: Foul Ball, location: 2F 0-2: Strikes out swinging
|
Batting: RHB Tai Joo
|
0-0: Ball 1-0: Ball 2-0: Foul Ball, location: 2F 2-1: Foul Ball, location: 2F 2-2: Ball 3-2: Strikes out looking
|
Top of the 6th over - 0 runs, 0 hits, 0 errors, 0 left on base; Reno 0 - Albuquerque 7 |
BOTTOM OF THE 6TH |
Albuquerque Isotopes batting - Pitching for Reno Aces : RHP Tyler Deloatch
|
Batting: RHB Ron Johansen
|
0-0: Ground out 5-3 (Groundball, 56, EV 83.8 MPH)
|
Batting: LHB Katsunan Akimoto
|
0-0: Ball 1-0: Ball 2-0: Ball 3-0: Base on Balls
|
Batting: LHB Tetsuya Oba
|
0-0: Ball 1-0: Ball 2-0: Foul Ball, location: 2F 2-1: Called Strike 2-2: Foul Ball, location: 2F 2-2: Ball 3-2: Base on Balls Katsunan Akimoto to second
|
Batting: RHB Mike Ball
|
0-0: Ball 1-0: Ball 2-0: Ball Wild Pitch! Katsunan Akimoto to third Tetsuya Oba to second 3-0: Fly out, F4 (Line Drive, 4, EV 61.2 MPH)
|
Batting: RHB Carlos Salazar
|
0-0: SINGLE (Flyball, 6MD, EV 81.2 MPH) Katsunan Akimoto scores Tetsuya Oba to third Runner from 3rd tries for Home, throw by CF and OUT! 8-2
|
Bottom of the 6th over - 1 run, 1 hit, 0 errors, 1 left on base; Reno 0 - Albuquerque 8 |
TOP OF THE 7TH |
Reno Aces batting - Pitching for Albuquerque Isotopes : LHP Nate Tate
|
Pinch Hitting: RHB Omar Arroyo
|
0-0: Called Strike 0-1: Ball 1-1: Ball 2-1: Called Strike 2-2: Strikes out swinging
|
Batting: LHB Steve Reinhart
|
0-0: Called Strike 0-1: Swinging Strike 0-2: Strikes out swinging
|
Pinch Hitting: SHB Luis Lira
|
0-0: Ball 1-0: Called Strike 1-1: Ball 2-1: Foul Ball, location: 2F 2-2: Fly out, F3 (Popup, 3F, EV 64.4 MPH)
|
Top of the 7th over - 0 runs, 0 hits, 0 errors, 0 left on base; Reno 0 - Albuquerque 8 |
BOTTOM OF THE 7TH |
Albuquerque Isotopes batting - Pitching for Reno Aces : RHP Tyler Deloatch
|
Now in LF: Omar Arroyo
|
|
Now in CF: Jeff Densmore
|
|
Now in RF: Ruben Rocha
|
|
Batting: RHB Ryan Taylor
|
0-0: Called Strike 0-1: Ball 1-1: Hit by Pitch
|
Batting: RHB Bobby Heagle
|
0-0: Called Strike 0-1: Ball 1-1: Ball 2-1: Called Strike 2-2: Strikes out swinging
|
Batting: RHB Jason Gee
|
0-0: Fielders Choice at 2nd, 4-6 (Groundball, 4, EV 106.9 MPH)
|
Batting: LHB Alan Bianchard
|
0-0: Called Strike 0-1: Ball 1-1: Ball 2-1: Ball 3-1: Swinging Strike 3-2: Fly out, F8 (Line Drive, 8LM, EV 98.8 MPH)
|
Bottom of the 7th over - 0 runs, 0 hits, 0 errors, 1 left on base; Reno 0 - Albuquerque 8 |
TOP OF THE 8TH |
Reno Aces batting - Pitching for Albuquerque Isotopes : LHP Nate Tate
|
Now in RF: Enrique Andrade
|
|
Batting: RHB Scott Travis
|
0-0: Ball 1-0: Foul Ball, location: 2F 1-1: Ball 2-1: Ball 3-1: Foul Ball, location: 2F 3-2: Base on Balls
|
Batting: RHB Alex Vasquez
|
0-0: Ball 1-0: Ball 2-0: Called Strike 2-1: Foul Ball, location: 2F 2-2: Foul Ball, location: 2F 2-2: Strikes out looking
|
Batting: LHB Jeff Densmore
|
0-0: Ball 1-0: Called Strike 1-1: Ball 2-1: Foul Ball, location: 2F 2-2: Strikes out looking
|
Batting: RHB Juan Espinoza
|
0-0: Fielders Choice at 2nd, 5-4 (Groundball, 56, EV 92.5 MPH)
|
Top of the 8th over - 0 runs, 0 hits, 0 errors, 1 left on base; Reno 0 - Albuquerque 8 |
BOTTOM OF THE 8TH |
Albuquerque Isotopes batting - Pitching for Reno Aces : RHP Tyler Deloatch
|
Batting: RHB Ron Johansen
|
0-0: Called Strike 0-1: Ball 1-1: Ball 2-1: Ball 3-1: Called Strike 3-2: Foul Ball, location: 2F 3-2: Base on Balls
|
Pitching: RHP Alan Phillips
|
|
Batting: LHB Katsunan Akimoto
|
0-0: Ball 1-0: Foul Ball, location: 2F 1-1: Ball 2-1: Foul Ball, location: 2F 2-2: Grounds into double play, 3-6-1 (Groundball, 34S, EV 85.6 MPH)
|
Batting: LHB Tetsuya Oba
|
0-0: Ball 1-0: Ball 2-0: Swinging Strike 2-1: Foul Ball, location: 2F 2-2: Ball 3-2: Base on Balls
|
Batting: RHB Mike Ball
|
0-0: Called Strike 0-1: Called Strike 0-2: Fly out, F7 (Flyball, 7, EV 93.1 MPH)
|
Bottom of the 8th over - 0 runs, 0 hits, 0 errors, 1 left on base; Reno 0 - Albuquerque 8 |
TOP OF THE 9TH |
Reno Aces batting - Pitching for Albuquerque Isotopes : LHP Nate Tate
|
Batting: SHB Troy Maynard
|
0-0: Called Strike 0-1: Foul Ball, location: 2F 0-2: SOLO HOME RUN (Flyball, 7D, EV 105.6 MPH), Distance : 384 ft
|
Batting: RHB Tai Joo
|
0-0: Foul Ball, location: 2F 0-1: Ground out 5-3 (Groundball, 56, EV 107.5 MPH)
|
Batting: RHB Omar Arroyo
|
0-0: Called Strike 0-1: Foul Ball, location: 2F 0-2: Ball 1-2: Strikes out looking
|
Pitching: RHP Jason Hamlyn
|
|
Batting: LHB Steve Reinhart
|
0-0: Ball 1-0: Ball 2-0: Called Strike 2-1: Ground out U3 (Groundball, 13, EV 90.0 MPH)
|
Top of the 9th over - 1 run, 1 hit, 0 errors, 0 left on base; Reno 1 - Albuquerque 8 |
|